 Dungeon Crawl Stone Soup version 0.23.2-1-ga50397a (webtiles) character file.

Game seed: 7093921084862042402

4 Goblin1989 the Caller (level 1, 0/13 HPs)
             Began as a Demonspawn Summoner on Apr 22, 2019.
             Slain by a hobgoblin (2 damage)
             ... on level 3 of the Dungeon.
             The game lasted 00:02:24 (160 turns).

Goblin1989 the Caller (Demonspawn Summoner)          Turns: 160, Time: 00:02:24

Health: 0/13       AC:  2    Str:  8    XL:     1   Next: 58%
Magic:  1/3        EV: 12    Int: 16    God:
Gold:   50         SH:  0    Dex: 13    Spells: 3/4 levels left

rFire    . . .     SeeInvis .   i - +0 dagger
rCold    . . .     Gourm    .   (no shield)
rNeg     . . .     Faith    .   a - +0 robe
rPois    .         Spirit   .   (no helmet)
rElec    .         Reflect  .   (no cloak)
rCorr    .         Harm     .   (no gloves)
MR       .....                  (no boots)
Stlth    ++........             (no amulet)
HPRegen  0.04/turn              (no ring)
MPRegen  0.08/turn              (no ring)

@: no status effects
A: no striking features
a: no special abilities


You were on level 3 of the Dungeon.
You were not hungry.

You visited 1 branch of the dungeon, and saw 3 of its levels.

You collected 50 gold pieces.

Inventory:

Hand Weapons
 i - a +0 dagger (weapon)
Armour
 a - a +0 robe (worn)
Jewellery
 f - an uncursed ring of resist corrosion {unknown}
Scrolls
 g - a scroll of blinking {unknown}
 h - a scroll of immolation {unknown}
 l - a scroll of teleportation {unknown}
Potions
 j - a potion of lignification {unknown}
 k - a potion of degeneration {unknown}
Comestibles
 e - a ration


   Skills:
 - Level 1.7 Dodging
 - Level 1.7 Stealth
 + Level 2.1 Spellcasting
 * Level 4.1 Summonings


You had 3 spell levels left.
You knew the following spells:

 Your Spells              Type           Power        Failure   Level  Hunger
a - Summon Small Mammal   Summ           ###.         3%          1    #......

Your spell library contained the following spells:

 Spells                   Type           Power        Failure   Level  Hunger
 Call Imp                 Summ           ###.....     5%          2    ###....
 Call Canine Familiar     Summ           ###.....     11%         3    ###....
 Summon Guardian Golem    Hex/Summ       #.......     26%         3    ###....
 Summon Ice Beast         Ice/Summ       #.......     65%         4    #####..
 Summon Lightning Spire   Summ/Air       #.......     65%         4    #####..


Dungeon Overview and Level Annotations

Branches:
Dungeon (3/15)

Altars:
Vehumet

Annotations:
D:2 Sigmund


Message History

You now have 23 gold pieces (gained 12).
Your rat disappears in a puff of smoke!
Sigmund the Dreaded comes into view.
He is wielding a +0 scythe.
There is a radiant altar of Vehumet here.
You swap places.
MP restored: 3 A kobold comes into view.
You see here 18 gold pieces.
You now have 41 gold pieces (gained 18).
The kobold shouts!
You see here 9 gold pieces.
You now have 50 gold pieces (gained 9).
Health restored: 13
There is a stone staircase leading up here.
Casting: Summon Small Mammal (safe; 3% risk of failure)
Confirm with . or Enter, or press ? or * to list all spells.
Your bat disappears in a puff of smoke!
You now have 2/3 mp.
Unknown command.
Casting: Summon Small Mammal (safe; 3% risk of failure)
Confirm with . or Enter, or press ? or * to list all spells.
You now have 1/3 mp.
Casting: Summon Small Mammal (safe; 3% risk of failure)
Confirm with . or Enter, or press ? or * to list all spells.
Your quokka closely misses the kobold.
Your rat bites the kobold.
You now have 0/3 mp.
You hit the kobold but do no damage.
The kobold is moderately wounded.
The kobold misses you.
Your quokka barely misses the kobold.
Your rat bites the kobold.
You hit the kobold but do no damage.
The kobold is severely wounded.
Your quokka bites the kobold.
The kobold dies!
You climb upwards.
Your summoned allies are left behind.
A hobgoblin comes into view.
There is a stone staircase leading down here.
A kobold comes into view. It is wielding a +0 whip.
Casting: Summon Small Mammal (safe; 3% risk of failure)
Confirm with . or Enter, or press ? or * to list all spells.
You don't have enough magic to cast that spell.
Unknown command.
Casting: Summon Small Mammal (safe; 3% risk of failure)
Confirm with . or Enter, or press ? or * to list all spells.
You don't have enough magic to cast that spell.
You hit the hobgoblin but do no damage.
The kobold shouts!
The hobgoblin misses you.
The kobold throws a stone.
The stone hits you but does no damage.
You hit the hobgoblin.
The hobgoblin is lightly wounded.
The hobgoblin hits you.
The kobold throws a stone.
The stone hits you.
You take 5 damage, and have 8/13 hp.
MASSIVE DAMAGE!!
You closely miss the hobgoblin.
The hobgoblin is lightly wounded.
The hobgoblin hits you.
The kobold throws a stone.
The stone hits you but does no damage.
You take 2 damage, and have 6/13 hp.
You hit the hobgoblin.
The hobgoblin is heavily wounded.
The hobgoblin barely misses you.
You hit the hobgoblin.
The hobgoblin is heavily wounded.
The hobgoblin hits you.
* * * LOW HITPOINT WARNING * * *
You take 2 damage, and have 4/13 hp.
You hit the hobgoblin.
You kill the hobgoblin!
The kobold throws a stone.
The stone barely misses you.
The kobold throws a stone.
The stone closely misses you.
You see here a hobgoblin corpse.
You see here a whip.
Casting: Summon Small Mammal (safe; 3% risk of failure)
Confirm with . or Enter, or press ? or * to list all spells.
The kobold hits you with a +0 whip.
* * * LOW HITPOINT WARNING * * *
You take 2 damage, and have 2/13 hp.
You now have 0/3 mp.
Unknown command.
You closely miss the kobold. The kobold closely misses you.
You hit the kobold.
The kobold is moderately wounded.
The kobold hits you with a +0 whip.
* * * LOW HITPOINT WARNING * * *
Your quokka bites the kobold.
The kobold dies!
You take 1 damage, and have 1/13 hp.
Unknown command.
You see here a whip.
You see here a hobgoblin corpse.
You see here 3 stones {@Q3}.
There is a stone staircase leading down here.
You climb downwards.
Your summoned ally is left behind.
Level annotation: Sigmund
There is a stone staircase leading up here.
There is a stone staircase leading down here.
You climb downwards.
A hobgoblin comes into view.
There is a stone staircase leading up here.
You hit the hobgoblin but do no damage. The hobgoblin hits you.
You die... ████.████ █.....g@█ █.███.███ █

You could see a hobgoblin.

Vanquished Creatures
  A hobgoblin (D:1)
  A rat (D:2)
2 creatures vanquished.

Vanquished Creatures (collateral kills)
  A goblin (D:2)
  A hobgoblin (D:1)
  2 kobolds
4 creatures vanquished.

Grand Total: 6 creatures vanquished

Notes
Turn   | Place    | Note
-------+----------+-------------------------------------------
     0 | D:1      | Goblin1989 the Demonspawn Summoner began the quest for the
                  | Orb.
     0 | D:1      | Reached XP level 1. HP: 13/13 MP: 3/3
   111 | D:2      | Found a radiant altar of Vehumet.
   116 | D:2      | Noticed Sigmund
   160 | D:3      | Slain by a hobgoblin

Action                   || total
-------------------------++-------
Melee: Dagger            ||    12
 Cast: Summon Small Mamm ||    12
Armor: Robe              ||     2
Dodge: Dodged            ||     9

Levels and vault maps discovered:
D:1:      eino_arrival_water_cross, layout_rooms, kennysheep_minor_cross,
          roderic_serpentine_path
D:2:      kennysheep_big_flooded_room, layout_loops_ring, vehumet_crystals,
          uniq_sigmund
D:3:      layout_basic, kennysheep_ying_yang, ebering_ghost_reflecting_pool
